 Dungeon Crawl Stone Soup version 0.19.0-24-gb05acd6 (webtiles) character file.

1526 Plasmo the Sneak (level 8, -1/56 HPs)
             Began as an Octopode Monk on Nov 21, 2016.
             Was a Believer of Cheibriados.
             Slain by a slime creature (19 damage)
             ... on level 6 of the Dungeon.
             The game lasted 00:18:13 (6019 turns).

Plasmo the Sneak (Octopode Monk)                    Turns: 6019, Time: 00:18:14

Health: -1/56      AC:  1    Str: 16    XL:     8   Next: 85%
Magic:  13/13      EV: 17    Int: 17    God:    Cheibriados [**....]
Gold:   288        SH: 10    Dex: 18    Spells: 0 memorised, 14 levels left

rFire  . . .     SeeInvis .       - Unarmed
rCold  . . .     Gourm    .     h - +1 shield
rNeg   . . .     Faith    .     (helmet restricted)
rPois  .         Spirit   .     (no amulet)
rElec  .         Reflect  .     i - +3 ring of evasion
rCorr  .         Harm     .     (no ring)
MR     .....                    (no ring)
Stlth  +++++.....               (no ring)
                                (no ring)
                                (no ring)
                                (no ring)
                                (no ring)

@: very slow
A: almost no armour, stealthy swim, amphibious, 8 rings, constrict 8, camouflage
1, gelatinous body 1
a: Bend Time, Renounce Religion


You were on level 6 of the Dungeon.
You worshipped Cheibriados.
Cheibriados was pleased with you.
You were not hungry.

You visited 2 branches of the dungeon, and saw 7 of its levels.

You collected 288 gold pieces.

Inventory:

Armour
 h - a +1 shield (worn)
Jewellery
 i - a +3 ring of evasion (left tentacle)
Wands
 l - a wand of random effects (13/48)
 s - a wand of flame (30/48)
 v - a wand of acid (3/15)
Scrolls
 f - 4 scrolls of remove curse
 o - a scroll of immolation
 q - a scroll of amnesia
 u - a scroll of fog {unknown}
Potions
 b - 2 potions of brilliance
 c - a potion of berserk rage
 e - 4 potions of might
 g - a potion of agility
 k - 2 potions of lignification
 m - 2 potions of curing
 n - a potion of cure mutation {unknown}
 r - a potion of flight
Books
 t - a book of Debilitation

   Spells                             Type                      Level
   a - Corona                         Hexes                        1
   b - Slow                           Hexes                        2
   c - Gell's Gravitas                Hexes/Translocation          3
   d - Inner Flame                    Hexes/Fire                   3
   e - Cause Fear                     Hexes                        4
   f - Leda's Liquefaction            Hexes/Earth                  4
Comestibles
 a - 3 bread rations
 d - 2 meat rations
 j - a royal jelly
 p - a slice of pizza


   Skills:
 * Level 5.4 Fighting
 + Level 3.1 Throwing
 * Level 5.3 Dodging
 * Level 7.0 Stealth
 * Level 2.0 Shields
 * Level 4.9 Unarmed Combat
 * Level 3.7 Spellcasting
 + Level 0.9 Evocations


You had 14 spell levels left.
You didn't know any spells.

Dungeon Overview and Level Annotations

Branches:
Dungeon (6/15)             Temple (1/1) D:6

Altars:
Cheibriados
Fedhas
Kikubaaqudgha
Makhleb
Qazlal
Ru
Sif Muna
Trog
Xom


Innate Abilities, Weirdness & Mutations

You cannot wear most types of armour.
You are very stealthy in the water. (Stealth+)
You are amphibious.
You can wear up to eight rings at the same time.
You can use your tentacles to constrict eight enemies at once.
Your skin changes colour to match your surroundings (Stealth+).
Your rubbery body absorbs attacks. (AC +1, EV +1)


Message History

The slime creature is lightly wounded.
You tentacle-slap the slime creature.
The slime creature is lightly wounded.
The slime creature hits you!
You tentacle-slap the slime creature.
The slime creature is moderately wounded.
The slime creature closely misses you.
You bludgeon the slime creature! You squeeze the slime creature!
The slime creature is heavily wounded.
The slime creature hits you!
You tentacle-slap the slime creature. You squeeze the slime creature!
The slime creature is severely wounded.
The slime creature hits you!
You tentacle-slap the slime creature. You squeeze the slime creature.
The slime creature is almost dead.
The slime creature closely misses you.
You tentacle-slap the slime creature.
The slime creature is almost dead.
The slime creature hits you!!
You die... #... ####.##.).# #..#.##...####....####..# ...#.#....P##.....## #.# #JJJJ.#.......# ..
JJJJJ#...<...# . #JJJ##.>.....# .
JJJ

##.....## #J#
#......(#
#@###.........#
#...#...)...#..
..#####........#####
..............##
..#######.....#
###...# ##... ..##
.#


You could see a slime creature, 4 jellies and 11 oozes.

Vanquished Creatures
  Grinder (D:3)
  A sky beast (D:5)
  2 phantoms
  An ogre (D:4)
  A howler monkey (D:4)
  A crimson imp (D:6)
  6 hounds
  3 jellies
  3 orc priests
  2 orc wizards
  Jessica (D:2)
  2 bullfrog skeletons
  An iguana (D:4)
  Ijyb (D:3)
  3 worker ants
  A howler monkey zombie (D:5)
  A worker ant zombie (D:6)
  4 gnolls (D:5)
  6 adders
  2 shadow imps (D:5)
  4 oozes (D:6)
  An adder zombie (D:4)
  A worm (D:3)
  3 dart slugs
  9 leopard geckos
  21 orcs
  4 giant cockroaches
  10 goblins
  9 hobgoblins
  3 quokkas
  2 ball pythons
  10 bats
  8 frilled lizards
  A jackal zombie (D:6)
  4 kobolds
  A quokka skeleton (D:4)
  13 rats
147 creatures vanquished.

Vanquished Creatures (others)
  5 fungi (D:6)
5 creatures vanquished.

Grand Total: 152 creatures vanquished

Notes
Turn   | Place    | Note
-------+----------+-------------------------------------------
     0 | D:1      | Plasmo the Octopode Monk began the quest for the Orb.
     0 | D:1      | Reached XP level 1. HP: 16/16 MP: 1/1
   343 | D:1      | Reached XP level 2. HP: 21/21 MP: 2/2
   348 | D:1      | Reached skill level 3 in Stealth
   618 | D:1      | Reached XP level 3. HP: 14/26 MP: 3/3
  1039 | D:1      | Reached skill level 1 in Throwing
  1077 | D:2      | Noticed Jessica
  1077 | D:2      | Reached skill level 1 in Spellcasting
  1083 | D:2      | Killed Jessica
  1083 | D:2      | Reached XP level 4. HP: 27/31 MP: 5/5
  1312 | D:2      | Found a burning altar of Makhleb.
  1408 | D:2      | Found a faded altar of an unknown god.
  1471 | D:2      | Reached XP level 5. HP: 24/36 MP: 7/7
  2020 | D:2      | Noticed a moth of wrath
  2022 | D:2      | Found a bloodstained altar of Trog.
  2148 | D:3      | Noticed Ijyb
  2157 | D:3      | Killed Ijyb
  2157 | D:3      | Reached skill level 4 in Stealth
  2198 | D:3      | Reached XP level 6. HP: 27/43 MP: 8/8
  2331 | D:3      | Noticed Grinder
  2344 | D:3      | Killed Grinder
  2344 | D:3      | Reached skill level 5 in Stealth
  2594 | D:3      | Reached XP level 7. HP: 48/49 MP: 10/10
  4183 | D:5      | Entered Level 5 of the Dungeon
  4204 | D:5      | Reached skill level 5 in Fighting
  4204 | D:5      | Reached skill level 6 in Stealth
  4204 | D:5      | Reached XP level 8. HP: 15/55 MP: 12/12
  4517 | D:5      | Found an ancient bone altar of Kikubaaqudgha.
  4579 | D:5      | Reached skill level 5 in Dodging
  4683 | D:5      | Reached skill level 1 in Shields
  5827 | D:6      | Found a staircase to the Ecumenical Temple.
  5928 | Temple   | Entered the Ecumenical Temple
  5973 | Temple   | Became a worshipper of Cheibriados the Contemplative
  5973 | Temple   | Reached * piety under Cheibriados
  5973 | Temple   | Reached ** piety under Cheibriados
  5998 | D:6      | Noticed a slime creature
  6007 | D:6      | Reached skill level 7 in Stealth
  6019 | D:6      | Slain by a slime creature

Skill      XL: |  1  2  3  4  5  6  7  8 |
---------------+-------------------------+-----
Stealth        | 3 4 5 6 7 |  7.0
Throwing       | 1 2 3 |  3.1
Spellcasting   | 1 2 3 |  3.7
Fighting       | 4 5 |  5.4
Dodging        | 4 5 |  5.3
Unarmed Combat | 4 |  4.9
Shields        | 2 |  2.0
Evocations     | |  0.9

Action                   |  1- 3 |  4- 6 |  7- 9 || total
-------------------------+-------+-------+-------++-------
Melee: Unarmed           |    49 |   110 |   269 ||   428
       Constrict         |    15 |    31 |    49 ||    95
       Tentacles         |    12 |    18 |    62 ||    92
       Punch             |       |     1 |     7 ||     8
  Use: Scroll            |       |     7 |    10 ||    17
       Potion            |       |       |     2 ||     2
 Stab: Sleeping          |    11 |    12 |    13 ||    36
       Distracted        |       |       |     4 ||     4
  Eat: Chunk             |       |     1 |     6 ||     7
       Meat ration       |       |     1 |       ||     1
       Fruit             |       |       |     5 ||     5
Armor: Skin              |     1 |     3 |     6 ||    10
Dodge: Dodged            |    23 |    58 |   130 ||   211
Block: Shield            |       |       |    35 ||    35
